 Dungeon Crawl Stone Soup version 0.20-a0-465-g6513c8f (webtiles) character file.

28 Amnesiac the Magician (level 2, -1/19 HPs)
             Began as a Mummy Enchanter on Jan 12, 2017.
             Slain by an orc
             ... wielding a +0 dagger
              (3 damage)
             ... on level 3 of the Dungeon.
             The game lasted 00:01:50 (990 turns).

Amnesiac the Magician (Mummy Enchanter)              Turns: 990, Time: 00:01:51

Health: -1/19      AC:  3    Str: 11    XL:     2   Next: 96%
Magic:  4/6        EV: 12    Int: 14    God:
Gold:   29         SH:  0    Dex: 12    Spells: 6/7 levels left

rFire  x . .     SeeInvis .     a - +1 dagger
rCold  + . .     Gourm    .     b - +0 robe
rNeg   + + +     Faith    .     (no shield)
rPois  ∞         Spirit   .     e - +0 helmet
rElec  .         Reflect  .     (no cloak)
rCorr  +         Harm     .     (no gloves)
MR     .....                    (no boots)
Stlth  ++........               (no amulet)
                                (no ring)
                                d - ring of resist corrosion

@: no status effects
A: no food or potions, fire vulnerability, cold resistance 1, negative energy
resistance 3, torment resistance, unbreathing
a: no special abilities


You were on level 3 of the Dungeon.
You were not hungry.

You visited 1 branch of the dungeon, and saw 4 of its levels.

You collected 29 gold pieces.

Inventory:

Hand Weapons
 a - a +1 dagger (weapon)
Armour
 b - a +0 robe (worn)
 e - a +0 helmet (worn)
Jewellery
 d - a ring of resist corrosion (left hand)
Books
 c - a book of Maledictions

   Spells                             Type                      Level
   a - Corona                         Hexes                        1
   b - Ensorcelled Hibernation        Hexes/Ice                    2
   c - Confuse                        Hexes                        3
   d - Tukima's Dance                 Hexes                        3
   e - Dazzling Spray                 Conjuration/Hexes            3


   Skills:
 - Level 1.0 Short Blades
 - Level 1.7 Dodging
 - Level 2.4 Stealth
 + Level 3.4 Spellcasting
 * Level 3.2 Hexes


You had 6 spell levels left.
You knew the following spells:

 Your Spells              Type           Power        Failure   Level  Hunger
f - Corona                Hex            ##.....      6%          1    N/A

Dungeon Overview and Level Annotations

Branches:
Dungeon (4/15)
 Temple: D:4-7

Altars:

Annotations:
D:4 exclusion: worker ant


Innate Abilities, Weirdness & Mutations

You do not eat or drink.
Your flesh is vulnerable to fire.
You are immune to poison.
Your flesh is cold resistant. (rC+)
You are immune to negative energy. (rN+++)
You are immune to unholy pain and torment.
You can survive without breathing.


Message History

The orc hits you but does no damage.
Okay, then.
You hit the orc.
The orc is lightly wounded.
The orc barely misses you.
You barely miss the orc.
The orc is lightly wounded.
The orc stops glowing.
The orc closely misses you.
Casting: Corona
Confirm with . or Enter, or press ? or * to list all spells.
Aiming: Corona
Press: ? - help, Shift-Dir - straight line, f/p - orc
Aim: an orc, wielding a dagger (lightly wounded, chance to defeat MR: 64%)
The orc is outlined in light.
The leopard gecko hisses angrily.
The orc closely misses you.
You barely miss the orc.
The orc is lightly wounded.
The orc hits you with a dagger.
You die...

########### #.......o.#
#.#######@# #.# #l# #)#######.#
####.†....##.#
#.........##.###########
###.##......##........o..######
#.........o...........w.l......
#.#>..........($......o.g###o..
#.##.#####.#####.##......# #.o.


You could see an orc and a leopard gecko.

Vanquished Creatures
  An adder (D:2)
  An ooze (D:4)
  A dart slug (D:3)
  A leopard gecko (D:4)
  An orc (D:3)
  2 goblins
  A hobgoblin (D:3)
  A frilled lizard (D:2)
  2 kobolds
  A rat (D:2)
12 creatures vanquished.

Notes
Turn   | Place    | Note
-------+----------+-------------------------------------------
     0 | D:1      | Amnesiac the Mummy Enchanter began the quest for the Orb.
     0 | D:1      | Reached XP level 1. HP: 13/13 MP: 4/4
   158 | D:3      | Reached skill level 1 in Short Blades
   317 | D:3      | Noticed an orc wizard
   625 | D:2      | Reached XP level 2. HP: 7/19 MP: 4/6
   990 | D:3      | Slain by an orc

Vault maps used:
D:1:      moated_graveyard_arrival, serial_bayou_crossing
D:2:      first_bread
D:3:      chequers_ecumenical_altar_simple_redux
D:4:      lemuel_castle_with_subvaults, corexii_checkpoint_b

Skill      XL: |  1 |
---------------+----+-----
Short Blades   | 1 |  1.0
Spellcasting   | 3 |  3.4
Hexes          | 3 |  3.2
Dodging        | |  1.7
Stealth        | |  2.4

Action                   || total
-------------------------++-------
Melee: Dagger            ||    44
 Cast: Corona            ||    13
  Use: Scroll            ||     1
 Stab: Sleeping          ||     2
Armor: Robe              ||     6
Dodge: Dodged            ||    17
